 Dungeon Crawl Stone Soup version 0.26-a0-712-ga5a9c9c9d0 (webtiles) character file.

Game seed: 5869794418762782992

93 Descartes the Magician (level 4, 0/24 HPs)
             Began as a Deep Elf Wanderer on Nov 1, 2020.
             Succumbed to a scorpion's poison
             ... on level 4 of the Dungeon.
             The game lasted 00:07:06 (3367 turns).

Descartes the Magician (Deep Elf Wanderer)          Turns: 3367, Time: 00:07:06

Health: 0/24       AC:  4    Str: 10    XL:     4   Next: 37%
Magic:  6/10       EV: 14    Int: 19    God:
Gold:   156        SH:  4    Dex: 12    Spells: 8/9 levels left

rFire    . . .     SeeInvis .   C - +2 dagger (speed)
rCold    . . .     Faith    .   c - +0 buckler
rNeg     . . .     Spirit   .   o - +0 leather armour
rPois    .         Reflect  .   (no helmet)
rElec    .         Harm     .   (no cloak)
rCorr    .         Rampage  .   u - +0 pair of gloves
MR       .....                  (no boots)
Stlth    +.........             (no amulet)
HPRegen  0.08/turn              k - +4 ring of evasion
MPRegen  0.12/turn              (no ring)

@: lethally poisoned (0 -> -18)
A: no striking features
a: no special abilities


You were on level 4 of the Dungeon.
You visited 1 branch of the dungeon, and saw 4 of its levels.

You collected 156 gold pieces.

Inventory:

Hand Weapons
 a - a +0 mace of protection
 b - a +0 hunting sling
 x - a +0 dagger
 z - a +0 scimitar
 C - a +2 dagger of speed (weapon)
Missiles
 f - 110 stones (quivered)
 m - 6 atropa-tipped darts
 q - 34 bolts
 s - 29 arrows
 v - 20 sling bullets
 B - 2 boomerangs
 D - 23 poisoned darts
Armour
 c - a +0 buckler (worn)
 o - a +0 leather armour (worn)
 t - a +0 ring mail
 u - a +0 pair of gloves (worn)
Jewellery
 k - a +4 ring of evasion (left hand)
 E - an uncursed amulet of faith {unknown}
Scrolls
 d - 2 scrolls of enchant weapon {unknown}
 e - 2 scrolls of remove curse {unknown}
 g - 3 scrolls of identify {unknown}
 l - a scroll of fear {unknown}
 n - a scroll of teleportation {unknown}
 p - a scroll of magic mapping {unknown}
 w - a scroll of enchant armour {unknown}
 A - a scroll of immolation {unknown}
Potions
 h - 2 potions of ambrosia {unknown}
 i - 3 potions of curing {unknown}
 j - a potion of cancellation {unknown}
 r - 3 potions of might {unknown}
 y - 2 potions of heal wounds {unknown}


   Skills:
 + Level 3.0 Armour
 * Level 2.9 Shields
 + Level 3.1 Spellcasting
 + Level 1.9 Conjurations
   Level 2.1 Earth Magic
   Level 1.1 Poison Magic


You had 8 spell levels left.
You knew the following spells:

 Your Spells              Type           Power        Failure   Level
a - Magic Dart            Conj           ##..         11%         1

Your spell library contained the following spells:

 Spells                   Type           Power        Failure   Level
 Blink                    Tloc           N/A          34%         2
 Call Imp                 Summ           #.......     34%         2
 Slow                     Hex            #.......     34%         2
 Mephitic Cloud           Conj/Pois/Air  #.......     41%         3
 Conjure Flame            Conj/Fire      #.......     43%         3


Dungeon Overview and Level Annotations

Branches:
Dungeon (3/15)

Altars:
Ashenzari


Message History

You closely miss the scorpion.
The scorpion is severely wounded.
You feel sick. The scorpion misses you.
You closely miss the scorpion.
The scorpion is severely wounded.
You feel sick.
You closely miss the scorpion.
The scorpion is severely wounded.
The scorpion stings you.
* * * LOW HITPOINT WARNING * * *
You are more poisoned.
The scorpion poisons you!
You hit the scorpion but do no damage.
The scorpion is severely wounded.
* * * LOW HITPOINT WARNING * * *
You feel sick. The scorpion stings you.
* * * LOW HITPOINT WARNING * * *
You hit the scorpion but do no damage.
The scorpion is severely wounded.
You die...

..# ..# ######## ..# #......#
..# #......# ..#### ...
#......# .....
....####......#########..#####
................@s............
....####......################
......[...........
.........######### .........#
.........# .##.#'#### # #.#
#.#


You could see a scorpion.

Vanquished Creatures
  4 adders
  An ooze (D:2)
  A leopard gecko (D:1)
  2 ball pythons (D:1)
  4 giant cockroaches
  10 goblins
  8 hobgoblins
  4 kobolds
  6 bats
  2 frilled lizards
  8 rats
50 creatures vanquished.

Vanquished Creatures (others)
  8 plants (D:1)
8 creatures vanquished.

Grand Total: 58 creatures vanquished

Notes
Turn   | Place    | Note
-------+----------+-------------------------------------------
     0 | D:1      | Descartes the Deep Elf Wanderer began the quest for the
                  | Orb.
     0 | D:1      | Descartes set off with the following items: a +0 spear, a
                  | +0 buckler, a +0 robe; and the following spell memorised:
                  | Magic Dart; and the following spells available to memorise:
                  | Blink, Call Imp, Slow, Mephitic Cloud, Conjure Flame
     0 | D:1      | Reached XP level 1. HP: 10/10 MP: 6/6
   415 | D:1      | Reached XP level 2. HP: 15/15 MP: 8/8
  1075 | D:1      | Reached skill level 1 in Conjurations
  1639 | D:2      | Found a broken altar of Ashenzari.
  1648 | D:2      | Reached XP level 3. HP: 16/19 MP: 6/9
  2509 | D:2      | Reached XP level 4. HP: 18/24 MP: 3/10
  2639 | D:2      | Found a broken altar of Ashenzari.
  3298 | D:3      | You fall into a shaft and drop 1 floor!
  3366 | D:4      | HP: 1/24 [scorpion (5)]
  3367 | D:4      | Succumbed to a scorpion's poison

Illustrated notes

Levels and vault maps discovered:
D:1:      ebering_hopf_link, layout_loops_ring, kennysheep_another_room,
          serial_bayou_pond_c
D:2:      layout_loops_ring, nicolae_overflow_crystal_walls, ashenzari_altar_1
D:3:      layout_basic
D:4:      layout_basic, hangedman_abyss_or_decor_stabs

Skill      XL: |  1  2  3  4 |
---------------+-------------+-----
Shields        | 2 |  2.9
Conjurations   | 1 |  1.9
Armour         | 3 |  3.0
Spellcasting   | |  3.1
Earth Magic    | |  2.1
Poison Magic   | |  1.1

Action                   |  1- 3 |  4- 6 || total
-------------------------+-------+-------++-------
Melee: Spear             |    63 |       ||    63
       Mace              |    18 |     4 ||    22
       Dagger            |       |    25 ||    25
 Cast: Magic Dart        |    75 |    27 ||   102
 Stab: Sleeping          |     1 |       ||     1
Armor: Robe              |    11 |       ||    11
       Leather armour    |     8 |     5 ||    13
Dodge: Dodged            |    52 |    13 ||    65
Block: Buckler           |    16 |     2 ||    18

Table legend: (Time is in decaauts)
 A = Elapsed time spent in this place.
 B = Non-inter-level travel time spent in this place.
 C = Inter-level travel time spent in this place.
 D = Time resting spent in this place.
 E = Time spent auto-exploring this place.
 F = Levels seen in this place.
 G = Mean time per level.
                   A        B        C        D        E       F      G
               +--------+--------+--------+--------+--------+-----+--------+
         Total |   3378 |   3315 |     63 |      0 |   2887 |   4 |  844.5 |
       Dungeon |   3378 |   3315 |     63 |      0 |   2887 |   4 |  844.5 |
               +--------+--------+--------+--------+--------+-----+--------+

Top non-repeatable levels by time:
     D:1: 1604 daAuts
     D:2: 1311 daAuts
     D:3: 398 daAuts
     D:4: 64 daAuts
